 Dungeon Crawl Stone Soup version 0.27-a0-448-gace5c5693b (webtiles) character file.

Game seed: 9940049421798050083

20386 jasper the Covert (level 12, -3/61 HPs)
             Began as a Spriggan Enchanter on Feb 28, 2021.
             Was a Follower of Uskayaw.
             Slain by Erica
             ... wielding a +2 trident of pain
              (7 damage)
             ... on level 8 of the Dungeon.
             The game lasted 00:27:34 (16069 turns).

jasper the Covert (Spriggan Enchanter)             Turns: 16069, Time: 00:27:34

Health: -3/61      AC:  3    Str:  4      XL:     12   Next: 44%
Magic:  1/17       EV: 21    Int: 15 (16) God:    Uskayaw [*.....]
Gold:   726        SH:  5    Dex: 19      Spells: 5/17 levels left

rFire    . . .     SeeInvis +   N - +1 dagger (speed)
rCold    . . .     Faith    .   (shield restricted)
rNeg     . . .     Spirit   .   b - +0 robe
rPois    +         Reflect  +   (helmet restricted)
rElec    .         Harm     .   v - +1 cloak
rCorr    .         Rampage  .   (gloves unavailable)
Will     ++...                  (boots unavailable)
Stlth    ++++++....             S - amulet of Jeygisei {Reflect Slay+2 SH+5}
HPRegen  0.20/turn              j - ring "Hyorupp" {Wiz *Slow +Blink rPois}
MPRegen  0.15/turn              I - +4 ring of slaying

@: about to teleport, very quick
A: very small, unfitting armour, see invisible, deformed body, deterioration 1,
dopey 1, speed 3, robust 1, sturdy frame 1
a: Renounce Religion, Evoke Blink, Stomp


You were on level 8 of the Dungeon.
You worshipped Uskayaw.
Uskayaw was noncommittal.
You visited 2 branches of the dungeon, and saw 12 of its levels.

You collected 726 gold pieces.

Inventory:

Hand Weapons
 a - a +2 dagger
 h - a +2 long sword of electrocution
 l - a +0 long sword
 A - a +0 short sword of flaming
 N - a +1 dagger of speed (weapon)
 Q - a +0 scimitar of flaming
Missiles
 k - 30 boomerangs
 m - a throwing net
 q - 452 stones
Armour
 b - a +0 robe (worn)
 t - the +0 robe of Mirimypn {rF++ Str-3}
   (You found it on level 4 of the Dungeon)

   It affects your strength (-3).
   It greatly protects you from fire.
 v - a +1 cloak (worn)
 F - a +0 buckler
 O - a scarf of harm
Jewellery
 d - an amulet of the acrobat
 i - a ring of protection from fire
 j - the ring "Hyorupp" (left hand) {Wiz *Slow +Blink rPois}
   (You found it on level 11 of the Dungeon)

   [ring of wizardry]

   It improves your spell success rate.
   It protects you from poison.
   It lets you blink.
   It may slow you when you take damage.
 n - a +6 ring of intelligence
 x - the amulet of Suspicion {Spirit rC+ Int+4 Slay+3}
   (You took it off an efreet on level 11 of the Dungeon)

   [amulet of guardian spirit]

   It causes incoming damage to be split between your health and magic.
   It affects your intelligence (+4).
   It affects your accuracy and damage with ranged weapons and melee attacks
   (+3).
   It protects you from cold.
 z - a ring of protection from cold
 B - a ring of flight
 I - a +4 ring of slaying (right hand)
 R - the ring "Pajedadd" {Ice Int+4 Dex+7}
   (You found it on level 11 of the Dungeon)

   [ring of ice]

   It enhances your ice magic.
   It affects your intelligence (+4).
   It affects your dexterity (+7).
   It makes you vulnerable to fire.
   It protects you from cold.
 S - the amulet of Jeygisei (around neck) {Reflect Slay+2 SH+5}
   (You took it off a centaur on level 11 of the Dungeon)

   [amulet of reflection]

   It shields you and reflects attacks.
   It affects your accuracy and damage with ranged weapons and melee attacks
   (+2).
   It affects your SH (+5).
Wands
 o - a wand of charming (7)
 s - a wand of polymorph (10)
 E - a wand of mindburst (9)
 K - a wand of random effects (14)
 T - a wand of iceblast (11)
 V - a wand of paralysis (8)
Scrolls
 c - a scroll of fear
 f - 5 scrolls of identify
 g - 2 scrolls of enchant armour
 y - a scroll of amnesia
 H - 3 scrolls of teleportation
 J - a scroll of brand weapon
 L - a scroll of blinking
 U - a scroll of enchant weapon
Potions
 p - a potion of ambrosia
 r - 4 potions of curing
 u - a potion of invisibility
 w - 2 potions of attraction
 C - 2 potions of flight
 D - 3 potions of might
 M - 3 potions of lignification
 P - a potion of resistance {unknown}
Miscellaneous
 e - a condenser vane (inert)


   Skills:
 - Level 2.5 Fighting
 - Level 10.6(13.3) Short Blades
 * Level 10.6(11.7) Long Blades
 - Level 5.0 Dodging
 - Level 13.8 Stealth
 - Level 3.0 Spellcasting
 - Level 8.0 Hexes
 - Level 3.0 Translocations
 - Level 9.6 Evocations


You had 5 spell levels left.
You knew the following spells:

 Your Spells              Type           Power        Failure   Level
a - Apportation           Tloc           22%          2%          1
b - Ensorcelled Hibernat  Hex/Ice        28%          2%          2
c - Confusing Touch       Hex            26%          1%          3
d - Tukima's Dance        Hex            26%          1%          3
e - Blink                 Tloc           N/A          3%          2
f - Animate Skeleton      Necr           4%           9%          1

Your spell library contained the following spells:

 Spells                   Type           Power        Failure   Level
 Corona                   Hex            28%          1%          1
 Slow                     Hex            26%          1%          2
 Portal Projectile        Hex/Tloc       36%          2%          3
 Cause Fear               Hex            13%          3%          4
 Dazzling Flash           Conj/Hex       28%          4%          3
 Inner Flame              Hex/Fire       14%          4%          3
 Magic Dart               Conj           8%           9%          1
 Summon Small Mammal      Summ           8%           9%          1
 Call Imp                 Summ           2%           12%         2
 Searing Ray              Conj           4%           12%         2
 Fulminant Prism          Conj/Hex       7%           16%         4
 Leda's Liquefaction      Hex/Erth       7%           16%         4
 Conjure Flame            Conj/Fire      2%           24%         3
 Mephitic Cloud           Conj/Pois/Air  2%           24%         3
 Iskenderun's Mystic Bla  Conj/Tloc      6%           38%         4


Dungeon Overview and Level Annotations

Branches:
Dungeon (11/15)            Temple (1/1) D:7            Lair (0/6) D:10
    Orc: D:9-12

Altars:
Ashenzari
Cheibriados
Dithmenos
Elyvilon
Fedhas
Gozag
Hepliaklqana
Kikubaaqudgha
Makhleb
Nemelex Xobeh
Okawaru
Qazlal
Ru
Sif Muna
Trog
Uskayaw
Vehumet
Wu Jian
Xom
Yredelemnul
Zin
The Shining One

Shops:
D:9 :   D:10 :

Annotations:
D:8 Erica
D:11 2 runed translucent doors


Innate Abilities, Weirdness & Mutations

You are very small and have problems with some larger weapons.
You are too small for most types of armour.
You have supernaturally acute eyesight. (SInv)
You cover ground extremely quickly.
Armour fits poorly on your strangely shaped body.
Your body sometimes deteriorates upon taking damage.
You are dopey. (Int -2)
You are robust. (+10% HP)
Your movements are slightly less encumbered by armour. (ER -2)


Message History

Erica flickers and vanishes for a moment.
The two-headed ogre is engulfed in blazing flames.
The two-headed ogre dies!
The centaur misses you. The orc warrior completely misses you.
You now have 8/17 mp.
Casting: Blink (safe; 3% risk of failure)
Confirm with . or Enter, or press ? or * to list all spells.
Aiming: Ensorcelled Hibernation (safe; 2% risk of failure)
Press: ? - help, Shift-Dir - straight line, f - centaur
Aim: a centaur, quivering arrows (chance to affect: 45%)
The centaur resists with some effort.
The centaur misses you.
You now have 6/17 mp.
Casting: Ensorcelled Hibernation (safe; 2% risk of failure)
Confirm with . or Enter, or press ? or * to list all spells.
You don't know that spell.
Casting: Ensorcelled Hibernation (safe; 2% risk of failure)
Confirm with . or Enter, or press ? or * to list all spells.
Aiming: Ensorcelled Hibernation (safe; 2% risk of failure)
Press: ? - help, Shift-Dir - straight line, f/p - centaur
Aim: a centaur, quivering arrows (chance to affect: 45%)
The centaur resists with some effort.
The centaur barely misses you.
Erica hits you from afar with a +2 trident of pain!
* * * LOW HITPOINT WARNING * * *
The orc warrior hits you with a +2 antimagic battleaxe!
* * * LOW HITPOINT WARNING * * *
You feel your power leaking away. You block the centaur's attack.
You can no longer pass through a line of other dancers.
You take 31 damage, and have 3/61 hp.
MASSIVE DAMAGE!!
You now have 0/17 mp.
Okay, then.
Blink to where?
Press: ? - help, Dir - move target, p - centaur
As you read the scroll of blinking, it crumbles to dust.
As you read the scroll of fog, it crumbles to dust.
The scroll dissolves into smoke.
As you read the scroll of teleportation, it crumbles to dust.
You feel strangely unstable.
Erica hits you from afar with a +2 trident of pain!
You die...
Xom is highly amused!

♣ ♣.♣.♣.♣ ## ≈
♣.♣.♣.♣.♣ ## .≈
♣.......♣ #. ♣.♣
#####♣.♣##### #.
.#.♣#♣♣...........♣
#.
≈≈≈o#§§###########.♣#
## §°≈s§§§'....# .#
##
≈≈≈.#§§###########§♣
#.
.#.♣#♣♣R.o.c@§@§@§♣
#. ♣.♣ #####♣.♣#####
#. .≈ #. ≈ ## ## #.
#. #. #.


You could see Erica (invisible).

Vanquished Creatures
  A hydra (D:11)
  2 two-headed ogres (D:10)
  An unseen horror (D:11)
  Pikel (D:3)
  The ghost of wampuh the Blocker, a novice MiFi of Makhleb (D:6)
  A manticore (D:11)
  2 ugly things (D:11)
  A cyclops (D:11)
  2 centaur zombies
  Maurice (D:8)
  A gargoyle (D:11)
  An efreet (D:11)
  2 trolls
  A vampire (D:10)
  19 yaks
  A wyvern (D:10)
  A vampire mosquito (D:11)
  An acid dragon (D:11)
  Duvessa (D:6)
  6 orc warriors
  2 sky beasts
  4 ice beasts
  7 ogres
  5 necrophages
  10 centaurs
  2 phantoms
  4 kobold brigands
  10 bullfrogs
  4 scorpions
  Dowan (D:6)
  12 killer bees
  4 howler monkeys
  3 bullfrog zombies
  7 hounds
  2 jellies
  3 quasits
  2 centaur skeletons
  2 orc priests
  A bullfrog skeleton (D:6)
  6 iguanas
  10 worker ants
  10 orc wizards
  2 hound zombies
  4 gnolls (D:2)
  A howler monkey zombie (D:6)
  A howler monkey skeleton (D:5)
  13 adders
  2 shadow imps
  A white imp (D:8)
  3 ufetubi
  An ooze (D:2)
  2 worms (D:4)
  7 leopard geckos
  32 orcs
  2 giant cockroaches
  21 goblins
  6 hobgoblins
  3 jackals (D:6)
  A quokka (D:4)
  3 ball pythons
  3 bats
  10 frilled lizards
  10 kobolds
  A quokka skeleton (D:4)
  2 rats
289 creatures vanquished.

Vanquished Creatures (collateral kills)
  An ogre (D:3)
  A hobgoblin (D:3)
2 creatures vanquished.

Vanquished Creatures (others)
  A two-headed ogre (D:8)
  A slime creature (D:11)
  A dancing weapon (D:4)
  A hound skeleton (D:11)
  23 plants
27 creatures vanquished.

Grand Total: 318 creatures vanquished

Notes
Turn   | Place    | Note
-------+----------+-------------------------------------------
     0 | D:1      | jasper the Spriggan Enchanter began the quest for the Orb.
     0 | D:1      | Reached XP level 1. HP: 9/9 MP: 5/5
   664 | D:2      | Reached XP level 2. HP: 13/13 MP: 7/7
   683 | D:3      | Learned a level 2 spell: Ensorcelled Hibernation
   740 | D:3      | Reached skill level 5 in Stealth
   889 | D:2      | Reached XP level 3. HP: 16/16 MP: 8/8
   897 | D:2      | Noticed Robin
   934 | D:2      | Found a faded altar of an unknown god.
   939 | D:2      | Became a worshipper of Xom the Begetter of Turbulence
   940 | D:2      | Fell from the grace of Xom
  1879 | D:3      | Reached XP level 4. HP: 20/21 MP: 0/9
  1897 | D:3      | Learned a level 3 spell: Confusing Touch
  1901 | D:3      | Learned a level 3 spell: Tukima's Dance
  1902 | D:4      | XOM: noise
  1902 | D:4      | Noticed an ogre
  2027 | D:3      | Killed an ogre
  2028 | D:3      | Reached skill level 6 in Stealth
  2028 | D:3      | Reached skill level 5 in Hexes
  2028 | D:3      | Reached XP level 5. HP: 11/24 MP: 0/10
  2357 | D:4      | Noticed Pikel
  2376 | D:4      | Noticed a lemure
  2376 | D:4      | Noticed a lemure
  2376 | D:4      | Noticed a lemure
  2388 | D:4      | Noticed a lemure
  2414 | D:3      | Killed Pikel
  2415 | D:3      | Reached skill level 7 in Stealth
  2415 | D:3      | Reached XP level 6. HP: 7/28 MP: 6/11
  2415 | D:3      | Reached XP level 7. HP: 8/32 MP: 6/12
  2829 | D:4      | Identified the +0 robe of Mirimypn {rF++ Str-3}
  3218 | D:4      | Found a burning altar of Makhleb.
  3611 | D:4      | XOM: noise
  3745 | D:5      | Entered Level 5 of the Dungeon
  3748 | D:5      | Reached skill level 8 in Stealth
  3835 | D:5      | Reached skill level 5 in Short Blades
  4052 | D:5      | Learned a level 2 spell: Blink
  4087 | D:5      | XOM: noise
  4186 | D:4      | XOM: give mutations
  4186 | D:4      | Gained mutation: You are clumsy. (Dex -2) [Xom's mischief]
  4186 | D:4      | Gained mutation: Armour fits poorly on your strangely
                  | shaped body. [Xom's mischief]
  4353 | D:5      | Reached XP level 8. HP: 30/36 MP: 6/13
  4356 | D:5      | Reached skill level 9 in Stealth
  4773 | D:2      | Noticed Robin
  4773 | D:2      | Robin changed into Robin the centaur
  4782 | D:2      | Killed Robin the centaur
  4783 | D:2      | Reached skill level 1 in Evocations
  4789 | D:2      | Lost mutation: You are clumsy. (Dex -2) [potion of
                  | mutation]
  4789 | D:2      | Lost mutation: Armour fits poorly on your strangely shaped
                  | body. [potion of mutation]
  4789 | D:2      | Gained mutation: You have large cloven feet. [potion of
                  | mutation]
  4789 | D:2      | Gained mutation: You are clumsy. (Dex -2) [potion of
                  | mutation]
  4789 | D:2      | Gained mutation: Your mind is acute. (Int +2) [potion of
                  | mutation]
  4789 | D:2      | Gained mutation: Your spells are a little harder to cast,
                  | but a little more powerful. [potion of mutation]
  5302 | D:2      | Found a broken altar of Ashenzari.
  5314 | D:2      | XOM: noise
  6249 | D:1      | XOM: scenery: summon butterflies
  6541 | D:5      | Reached skill level 1 in Translocations
  6544 | D:5      | Reached skill level 1 in Long Blades
  6695 | D:5      | XOM: give mutation
  6695 | D:5      | Gained mutation: Your body sometimes deteriorates upon
                  | taking damage. [Xom's mischief]
  7080 | D:6      | Found a runed translucent gate.
  7081 | D:6      | Found a runed translucent gate.
  7082 | D:6      | Found a runed translucent gate.
  7084 | D:6      | Noticed wampuh's ghost (novice MiFi)
  7113 | D:6      | Reached skill level 1 in Fighting
  7197 | D:6      | XOM: give mutations
  7197 | D:6      | Gained mutation: You expend magic power (3 MP) to
                  | strengthen your wands. [Xom's grace]
  7197 | D:6      | Lost mutation: You are clumsy. (Dex -2) [Xom's grace]
  7197 | D:6      | Gained mutation: Your system is resistant to poisons.
                  | (rPois) [Xom's grace]
  7277 | D:6      | Noticed Dowan
  7278 | D:6      | Noticed Duvessa
  7284 | D:6      | Killed Dowan
  7351 | D:6      | Killed Duvessa
  7616 | D:6      | Reached XP level 9. HP: 34/42 MP: 9/14
  7628 | D:6      | XOM: give mutations
  7628 | D:6      | Lost mutation: You have large cloven feet. [Xom's mischief]
  7628 | D:6      | Gained mutation: Your movements are slightly less
                  | encumbered by armour. (ER -2) [Xom's mischief]
  7628 | D:6      | Lost mutation: Your body sometimes deteriorates upon taking
                  | damage. [Xom's mischief]
  7628 | D:6      | Lost mutation: Your mind is acute. (Int +2) [Xom's
                  | mischief]
  7846 | D:6      | XOM: summons 3 hostile demons
  7913 | D:6      | XOM: give mutations
  7913 | D:6      | Lost mutation: Your system is resistant to poisons. (rPois)
                  | [Xom's mischief]
  7913 | D:6      | Gained mutation: You are dopey. (Int -2) [Xom's mischief]
  7913 | D:6      | Gained mutation: You are clumsy. (Dex -2) [Xom's mischief]
  7913 | D:6      | Lost mutation: You expend magic power (3 MP) to strengthen
                  | your wands. [Xom's mischief]
  8383 | D:6      | Reached skill level 10 in Stealth
  8404 | D:6      | XOM: stat loss: -1 Str (3/4)
  8664 | D:6      | Killed wampuh's ghost
  8804 | D:7      | Reached skill level 5 in Dodging
  9011 | D:7      | Found a staircase to the Ecumenical Temple.
  9026 | Temple   | Entered the Ecumenical Temple
  9033 | Temple   | XOM: summons 13 hostile demons
  9034 | Temple   | Noticed an ice devil
  9034 | Temple   | Noticed an ice devil
  9034 | Temple   | Noticed a hellwing
  9034 | Temple   | Noticed a rust devil
  9034 | Temple   | Noticed an orange demon
  9034 | Temple   | Noticed an ice devil
  9320 | Temple   | Became a worshipper of Uskayaw the Reveller
  9346 | D:7      | Reached * piety under Uskayaw
  9349 | D:7      | Reached ** piety under Uskayaw
  9351 | D:7      | XOM: give mutations
  9351 | D:7      | Lost mutation: You are clumsy. (Dex -2) [Xom's mischief]
  9351 | D:7      | Lost mutation: Your spells are a little harder to cast, but
                  | a little more powerful. [Xom's mischief]
  9458 | D:7      | Found an ancient bone altar of Kikubaaqudgha.
  9557 | D:7      | Found an iron altar of Okawaru.
  9564 | D:7      | Reached skill level 5 in Evocations
  9632 | D:7      | XOM: give mutations
  9632 | D:7      | Gained mutation: Your spells are a little easier to cast,
                  | but a little less powerful. [Xom's mischief]
  9632 | D:7      | Gained mutation: You are frail. (-10% HP) [Xom's mischief]
  9632 | D:7      | Gained mutation: You are weak. (Str -2) [Xom's mischief]
  9669 | D:7      | Reached XP level 10. HP: 42/42 MP: 11/15
  9836 | D:7      | Found a white marble altar of Elyvilon.
  9837 | D:7      | Found a snail-covered altar of Cheibriados.
 10033 | D:8      | Noticed Erica
 10475 | D:9      | Reached skill level 10 in Short Blades
 10475 | D:9      | Reached skill level 12 in Stealth
 10475 | D:9      | Reached XP level 11. HP: 45/45 MP: 16/16
 10824 | D:9      | XOM: stat loss: -1 Dex (17/18)
 11071 | D:9      | Found Fueptinn's Book Boutique.
 11346 | D:10     | Entered Level 10 of the Dungeon
 11443 | D:10     | XOM: summons 4 hostile shadow creatures
 11574 | D:10     | Reached *** piety under Uskayaw
 11575 | D:10     | Reached **** piety under Uskayaw
 11774 | D:9      | XOM: give mutations
 11774 | D:9      | Gained mutation: Armour fits poorly on your strangely
                  | shaped body. [Xom's mischief]
 11774 | D:9      | Lost mutation: You are frail. (-10% HP) [Xom's mischief]
 11774 | D:9      | Gained mutation: Your body sometimes deteriorates upon
                  | taking damage. [Xom's mischief]
 11774 | D:9      | Gained mutation: Your body often deteriorates upon taking
                  | damage. [Xom's mischief]
 11875 | D:9      | Lost mutation: You are weak. (Str -2) [potion of mutation]
 11875 | D:9      | Lost mutation: Your spells are a little easier to cast, but
                  | a little less powerful. [potion of mutation]
 11875 | D:9      | Lost mutation: Your body often deteriorates upon taking
                  | damage. [potion of mutation]
 11875 | D:9      | Gained mutation: You are robust. (+10% HP) [potion of
                  | mutation]
 11930 | D:10     | Reached skill level 13 in Stealth
 12149 | D:10     | Noticed a two-headed ogre
 12152 | D:10     | Killed a two-headed ogre
 12183 | D:10     | XOM: torment (29/56 hp)
 12871 | D:10     | Found Vade's Book Shoppe.
 12956 | D:10     | Noticed a two-headed ogre
 12966 | D:10     | Killed a two-headed ogre
 13312 | D:10     | Found a staircase to the Lair.
 13444 | D:11     | Noticed a green ugly thing
 13471 | D:11     | Killed a green ugly thing
 13927 | D:11     | Found a burning altar of Makhleb.
 13927 | D:11     | XOM: 5-stop teleportation journey
 13927 | D:11     | Was forgiven by Xom
 13928 | D:11     | Noticed a brown ugly thing
 13930 | D:11     | Killed a brown ugly thing
 13931 | D:11     | Reached XP level 12. HP: 39/61 MP: 4/17
 14167 | D:11     | Noticed a four-headed hydra
 14211 | D:11     | Killed a four-headed hydra
 14543 | D:11     | Found a runed translucent door.
 14693 | D:11     | Found a runed translucent door.
 14693 | D:11     | Noticed a centaur warrior
 14803 | D:11     | HP: 2/61 [gargoyle/+0 morningstar (19)]
 14820 | D:11     | Reached skill level 10 in Long Blades
 14824 | D:11     | Identified the ring "Hyorupp" {Wiz *Slow +Blink rPois}
 14830 | D:11     | Learned a level 1 spell: Apportation
 14832 | D:11     | Learned a level 1 spell: Animate Skeleton
 14846 | D:11     | Identified the amulet of Suspicion {Spirit rC+ Int+4
                  | Slay+3}
 14856 | D:11     | Identified the ring "Pajedadd" {Ice Int+4 Dex+7}
 14898 | D:11     | Identified the amulet of Jeygisei {Reflect Slay+2 SH+5}
 15660 | D:8      | Noticed Maurice
 15671 | D:8      | Killed Maurice
 16048 | D:8      | Noticed a two-headed ogre
 16064 | D:8      | Killed a two-headed ogre
 16066 | D:8      | HP: 3/61 [orc warrior/+2 antimagic battleaxe (15)]
 16069 | D:8      | Slain by Erica

Illustrated notes

Levels and vault maps discovered:
D:1:      dpeg_arrival_circle_labyrinth_c, layout_basic
D:2:      layout_basic, general_overflow_altar,
          chequers_ecumenical_altar_twisty, uniq_robin
D:3:      layout_loops_cross, wad_floor_pattern_untrapped, kennysheep_boxes
D:4:      minmay_recursive_quarters, layout_layer_cave,
          makhleb_heckhound_becter, uniq_pikel
D:5:      layout_basic
D:6:      minmay_razor_zed, layout_rooms, ebering_ghost_rock_garden,
          minmay_ogre_servants, uniq_duvessa
D:7:      layout_loops_ring, lemuel_crystal_altar, minitemple, temple_fountains,
          okawaru_metal_pillars_1_2
D:8:      nzn_winding_woodlands_three_and_one
          [nzn_winding_woodlands_5x15_sidewinder,
          nzn_winding_woodlands_5x15_longhouse,
          nzn_winding_woodlands_5x15_sawtooth,
          nzn_winding_woodlands_center_triple_pond], layout_gridville,
          uniq_erica, uniq_maurice
D:9:      lemuel_ice_spiral_2, layout_irregular_city, serial_shops, shop
D:10:     minmay_weird_star, layout_loops_ring, lair_entry_dummy, serial_shops,
          nicolae_shop_behind_doors, kennysheep_decorative_pillar
D:11:     minmay_the_grid_triangle_9x9_recursive_3_mashed
          [minmay_the_grid_triangle_9x9_minimal,
          minmay_the_grid_triangle_9x9_tough_junction,
          minmay_the_grid_triangle_9x9_steps,
          minmay_the_grid_triangle_9x9_prize_special,
          minmay_the_grid_triangle_9x9_sprig,
          minmay_the_grid_triangle_9x9_shrine,
          minmay_the_grid_triangle_9x9_wacky_v,
          minmay_the_grid_triangle_9x9_stretched_checkered,
          minmay_the_grid_triangle_9x9_odd_lines], layout_long_grid
Temple:   compressed_dpeg_circular_temple

Skill      XL: |  1  2  3  4  5  6  7  8  9 10 11 12 |
---------------+-------------------------------------+-----
Spellcasting   | 3 |  3.0
Stealth        | 5 6 7 8 9 10 12 13 | 13.8
Hexes          | 4 5 7 8 |  8.0
Short Blades   | 2 3 4 5 6 8 10 | 10.6
Evocations     | 3 5 7 9 |  9.6
Dodging        | 4 5 |  5.0
Translocations | 2 3 |  3.0
Long Blades    | 2 4 6 8 10 | 10.6
Fighting       | 1 2 |  2.5

Action                   |  1- 3 |  4- 6 |  7- 9 | 10-12 || total
-------------------------+-------+-------+-------+-------++-------
Melee: Dagger            |    62 |    18 |   379 |   366 ||   825
       Kick              |       |       |    14 |       ||    14
Throw: Boomerang         |       |     3 |       |       ||     3
 Cast: Corona            |     2 |       |       |       ||     2
       Ensorcelled Hiber |    19 |    12 |   119 |   126 ||   276
       Tukima's Dance    |       |     3 |     1 |       ||     4
       Confusing Touch   |       |       |    16 |    19 ||    35
       Blink             |       |       |     5 |     2 ||     7
Invok: Renounce Religion |     1 |       |       |       ||     1
Evoke: Wand              |     2 |     3 |     3 |     6 ||    14
       Condenser vane    |       |       |       |     1 ||     1
  Use: Scroll            |       |       |    10 |    13 ||    23
       Potion            |       |       |     3 |     7 ||    10
 Stab: Sleeping          |    13 |     5 |    86 |    85 ||   189
       Confused          |       |       |    17 |    17 ||    34
       Distracted        |       |       |       |     1 ||     1
       Paralysed         |       |       |       |    17 ||    17
       Invisible         |       |       |       |     5 ||     5
Armor: Robe              |     9 |       |    14 |    22 ||    45
       Skin              |       |       |    12 |       ||    12
Dodge: Dodged            |    69 |    14 |   276 |   227 ||   586
Block: Other             |       |       |       |    11 ||    11

Table legend: (Time is in decaauts)
 A = Elapsed time spent in this place.
 B = Non-inter-level travel time spent in this place.
 C = Inter-level travel time spent in this place.
 D = Time resting spent in this place.
 E = Time spent auto-exploring this place.
 F = Levels seen in this place.
 G = Mean time per level.
                   A        B        C        D        E       F      G
               +--------+--------+--------+--------+--------+-----+--------+
         Total |  12614 |  12342 |    272 |   2072 |   8098 |  12 | 1051.2 |
       Dungeon |  12577 |  12311 |    266 |   2072 |   8094 |  11 | 1143.4 |
        Temple |     37 |     31 |      6 |      0 |      3 |   1 |   37.0 |
               +--------+--------+--------+--------+--------+-----+--------+

Top non-repeatable levels by time:
    D:10: 1567 daAuts
     D:3: 1536 daAuts
    D:11: 1512 daAuts
     D:6: 1424 daAuts
     D:4: 1341 daAuts
     D:7: 1042 daAuts
     D:2: 942 daAuts
     D:9: 921 daAuts
     D:1: 871 daAuts
     D:8: 709 daAuts
     D:5: 707 daAuts
  Temple: 37 daAuts
